 Dungeon Sprint DCSS version 0.02-122-g12e50fee3c (webtiles) character file.

Game seed: 7464591465238305131, levelgen mode: deterministic

1639 lorenzova the Eclecticist (level 8, -7/41 HPs) Deep Elf Fire Elementalist. Began on Oct 8, 2020. Was a Priest of Vehumet. Killed from afar by Erica (14 damage) ... with a spray of blinding venom ... in the Dungeon (Sprint III: "The Ten Rune Challenge"). The game lasted 00:03:48 (922 turns).

lorenzova the Eclecticist (DEFE)                     Turns: 922, Time: 00:03:48

Health: -7/41      AC:  4    Str:  5    XL:     8 ^: 456
Magic:  6/30       EV: 13    Int: 23    God:    Vehumet [3* [84]]
Gold:   33         SH:  4    Dex: 15    Spells: 25/40 levels left

rFire    . . .     Vision   .   (no weapon)
rCold    . . .     Gourm    .   (no weapon)
rNeg     . . .     Faith    .   a - +0 robe
rPois    .         Spirit   .   (no helmet)
rElec    .         Reflect  .   (no cloak)
rCorr    .         Harm     .   (no gloves)
MR       +....     NoTele   +   (no boots)
Stlth    +.........             (no amulet)
HPRegen  0.23/turn              (no ring)
MPRegen  0.40/turn              (no ring)

@: lethally poisoned (-7 -> -14), liquid flames, glowing
A: large bone plates 1, thin metallic scales 1, magic resistance 1, evolution 1
a: Renounce Religion


You were in the Dungeon.
You worshipped Vehumet.
Vehumet was most pleased with you.
You were very hungry.

You visited 1 branch You collected 33 gold pieces.

Inventory:

Armour
 a - a +0 robe (worn)
Scrolls
 b - a scroll of holy word
 i - a scroll of blinking
 j - a scroll of magic mapping
 l - a scroll of fog
 m - a scroll of bless item
Potions
 d - 2 potions of curing
 e - a potion of heal wounds
 f - a potion of haste
 g - 4 potions of magic
 h - a potion of berserk rage
 k - a potion of might
 n - a potion of brilliance
Miscellaneous
 o - a phial of floods
Comestibles
 c - 4 rations


   Skills:
 - Level 2.4 Dodging
 - Level 2.4 Stealth
 + Level 16.9 Spellcasting
 + Level 14.7 Fire Magic


You had 25 spell levels left.
You knew the following spells:

 Your Spells              Type           Power        Failure   Level  Hunger
a - Foxfire               Fire           25 (25)      0%          1    None
b - Searing Ray           Fire           50 (50)      0%          2    None
c - Conjure Flame         Fire           72 (100)     1%          3    None
d - Sticky Flame          Fire/Pois      52 (100)     1%          4    None
f - Fireball              Fire           72 (200)     1%          5    #......

Your spell library contained the following spells:

 Spells                   Type           Power        Failure   Level  Hunger
 Flame Tongue             Fire           40 (40)      0%          1    None
 Freeze                   Ice            19 (25)      1%          1    None
 Throw Frost              Ice            19 (50)      1%          2    None
 Inner Flame              Hex/Fire       52 (100)     1%          3    None
 Animate Skeleton         Necr           N/A          2%          1    None
 Confusing Touch          Hex            19 (50)      2%          1    None
 Summon Small Mammal      Summ           19 (25)      2%          1    None
 Blinding Spray           Hex/Pois       19 (50)      2%          3    None
 Confuse                  Hex            19 (100)     9%          3    None
 Gell's Gravitas          Tloc           19 (200)     9%          3    None
 Yara's Violent Unravell  Hex/Tmut       19 (200)     21%         5    #......
 Petrify                  Tmut/Erth      19 (100)     28%         4    None


Dungeon Overview and Level Annotations

Branches:
Dungeon (1/1)

Altars:
Cheibriados
Dithmenos
Elyvilon
Fedhas Madash
Gozag Ym Sagoz
Hepliaklqana
Kikubaaqudgha
Makhleb
Nemelex Xobeh
Okawaru
Qazlal
Ru
Sif Muna
Trog
Uskayaw
Vehumet
Wu Jian
Xom
Yredelemnul
Zin
The Shining One
Beogh
Jiyva
Lugonu

Annotations:
D Erica


Innate Abilities, Weirdness & Mutations

You are partially covered in large bone plates. (SH +4)
You are partially covered in thin metallic scales. (AC +2)
You are resistant to hostile enchantments. (MR+)
You evolve.


Message History

You kill the orc sorcerer!
Vehumet accepts your kill.
You feel your power returning.
Unknown command.
Casting: Fireball (safe; 1% risk of failure)
Confirm with . or Enter, or press ? or * to list all spells.
Aiming: Sticky Flame (safe; 1% risk of failure)
Press: ? - help, Shift-Dir - straight line, f - Erica
Aim: Erica, wielding a +0 scimitar of molten steel and wearing a +2 robe of positive energy (black smoke, severely wounded (17/62))
The sticky flame hits Erica (3).
Erica is severely wounded. (14/62) HP Erica is covered in liquid flames!
You are covered in liquid flames!
* * * LOW HITPOINT WARNING * * *
Erica burns!
An orc warrior comes into view.
An orc priest comes into view.
Erica points at you and mumbles some strange words.
The spray of blinding venom hits you (14)!
You are lethally poisoned!
You die...

??#..#)..#__.#÷_#
..#..###'#.###.##$$o
#'#..#..........#$)o
##...'.⌠........#oo
##...#...######'#§§
#....#.⌠.#__#...#§#####
.....#...#__#...#§§§≈≈+
.....#'###__#...#@#§≈§#
.....#...#__#...@.#§§§#
#....#___#__'...#.#
▓▓▓▓▓▓▓▓▓▓▓▓▓▓▓▓▓▓▓


You could see Erica (burning), an orc warrior, an orc priest and 2 orcs.

Vanquished Creatures
  An orc sorcerer (D)
  A deep elf mage (D)
  A shadow (D)
  A spatial vortex (D)
  A necrophage (D)
  A water elemental (D)
  A scorpion (D)
  A jelly (D)
  A wizard (D)
  Jessica (D)
  A necromancer (D)
  A kobold demonologist (D)
  3 humans (D)
  An ooze (D)
  2 orcs (D)
  2 rats (D)
20 creatures vanquished.

Vanquished Creatures (others)
  2 draconian scorchers (D)
  6 hellions (D)
  2 yaktaurs (D)
  11 foxfires (D)
21 creatures vanquished.

Grand Total: 41 creatures vanquished

Notes
Turn   | Place    | Note
-------+----------+-------------------------------------------
     0 | D        | lorenzova the Deep Elf Fire Elementalist began the quest
                  | for the Orb.
     0 | D        | Reached XP level 1. HP: 10/10 MP: 6/6
    16 | D        | Reached skill level 4 in Spellcasting
    47 | D        | Noticed Jessica
    50 | D        | Killed Jessica
    50 | D        | Reached skill level 6 in Spellcasting
    50 | D        | Reached skill level 5 in Fire Magic
    50 | D        | Reached XP level 2. HP: 15/15 MP: 4/11
    50 | D        | Reached XP level 3. HP: 19/19 MP: 4/12
    89 | D        | Learned a level 2 spell: Searing Ray
    93 | D        | Learned a level 3 spell: Conjure Flame
   111 | D        | Killed a yaktaur
   113 | D        | Killed a hellion
   114 | D        | Killed a yaktaur
   131 | D        | Killed a white draconian scorcher
   134 | D        | Killed a hellion
   169 | D        | Reached skill level 7 in Spellcasting
   182 | D        | Killed a hellion
   182 | D        | Killed a hellion
   185 | D        | Killed a hellion
   202 | D        | Killed a white draconian scorcher
   229 | D        | Reached skill level 8 in Spellcasting
   229 | D        | Reached XP level 4. HP: 7/24 MP: 5/16
   237 | D        | Killed a hellion
   372 | D        | Learned a level 4 spell: Sticky Flame
   394 | D        | Gained mutation: You are resistant to hostile enchantments.
                  | (MR+) [potion of mutation]
   394 | D        | Gained mutation: You are partially covered in icy blue
                  | scales. (AC +2) [potion of mutation]
   395 | D        | Lost mutation: You are partially covered in icy blue
                  | scales. (AC +2) [potion of mutation]
   395 | D        | Lost mutation: You are resistant to hostile enchantments.
                  | (MR+) [potion of mutation]
   395 | D        | Gained mutation: Your magical capacity is low. (-10% MP)
                  | [potion of mutation]
   395 | D        | Gained mutation: You are partially covered in large bone
                  | plates. (SH +4) [potion of mutation]
   396 | D        | Lost mutation: Your magical capacity is low. (-10% MP)
                  | [potion of mutation]
   396 | D        | Gained mutation: Your mind is acute. (Int +2) [potion of
                  | mutation]
   396 | D        | Lost mutation: Your mind is acute. (Int +2) [potion of
                  | mutation]
   396 | D        | Gained mutation: You have a pair of small antennae on your
                  | head. [potion of mutation]
   396 | D        | Gained mutation: You are partially covered in thin metallic
                  | scales. (AC +2) [potion of mutation]
   399 | D        | Lost mutation: You have a pair of small antennae on your
                  | head. [potion of mutation]
   399 | D        | Gained mutation: You are resistant to hostile enchantments.
                  | (MR+) [potion of mutation]
   399 | D        | Gained mutation: You evolve. [potion of mutation]
   405 | D        | Reached skill level 9 in Spellcasting
   405 | D        | Reached XP level 5. HP: 16/28 MP: 11/19
   474 | D        | Learned a level 5 spell: Fireball
   479 | D        | Found a radiant altar of Vehumet.
   479 | D        | Found a shimmering blue altar of Sif Muna.
   479 | D        | Found an ancient bone altar of Kikubaaqudgha.
   481 | D        | Reached skill level 10 in Spellcasting
   517 | D        | Became a worshipper of Vehumet
   527 | D        | Found a glowing silver altar of Zin.
   527 | D        | Found a glowing golden altar of the Shining One.
   527 | D        | Found a white marble altar of Elyvilon.
   527 | D        | Noticed a deep elf mage
   530 | D        | Killed a deep elf mage
   530 | D        | Reached skill level 13 in Spellcasting
   530 | D        | Reached XP level 6. HP: 32/32 MP: 7/24
   530 | D        | Reached XP level 7. HP: 36/36 MP: 7/26
   589 | D        | Found a hide-covered altar of Uskayaw.
   589 | D        | Found a roughly hewn altar of Beogh.
   589 | D        | Found an iron altar of Okawaru.
   589 | D        | Found a bloodstained altar of Trog.
   589 | D        | Found an ornate altar of the Wu Jian Council.
   592 | D        | Reached skill level 14 in Spellcasting
   593 | D        | Reached * piety under Vehumet
   593 | D        | Offered knowledge of Freeze by Vehumet.
   650 | D        | Found a basalt altar of Yredelemnul.
   650 | D        | Found a shadowy altar of Dithmenos.
   650 | D        | Found a sacrificial altar of Ru.
   653 | D        | Offered knowledge of Throw Frost by Vehumet.
   653 | D        | Reached skill level 15 in Spellcasting
   694 | D        | Reached ** piety under Vehumet
   778 | D        | Noticed a shadow
   782 | D        | Killed a shadow
   782 | D        | Reached XP level 8. HP: 41/41 MP: 19/29
   817 | D        | Found a blossoming altar of Fedhas.
   817 | D        | Found a stormy altar of Qazlal.
   817 | D        | Found a snail-covered altar of Cheibriados.
   817 | D        | Found a burning altar of Makhleb.
   817 | D        | Found a shimmering altar of Xom.
   818 | D        | Found a hazy altar of Hepliaklqana.
   818 | D        | Found an opulent altar of Gozag.
   818 | D        | Found a sparkling altar of Nemelex Xobeh.
   818 | D        | Found a corrupted altar of Lugonu.
   818 | D        | Found a viscous altar of Jiyva.
   823 | D        | Offered knowledge of Blinding Spray by Vehumet.
   823 | D        | Reached skill level 16 in Spellcasting
   917 | D        | Noticed an orc sorcerer
   919 | D        | Reached *** piety under Vehumet
   919 | D        | Noticed Erica
   920 | D        | Noticed a smoke demon
   921 | D        | Killed an orc sorcerer
   922 | D        | Killed from afar by Erica

Levels and vault maps discovered:
D:        dungeon_sprint_mu [sprint_mu_entry_cave, sprint_mu_temple_rooms,
          sprint_mu_d1_horrors, sprint_mu_d2_genie, sprint_mu_d3_branching,
          sprint_mu_orc_legion, sprint_mu_elf_gauntlet, sprint_mu_hive_nellie,
          sprint_mu_lair_fedhas, sprint_mu_vaults_butterflies,
          sprint_mu_slime_circle, sprint_mu_shoals_kraken,
          sprint_mu_snake_twists, sprint_mu_blade_basic,
          sprint_mu_crypt_fortress, sprint_mu_tomb_spiral,
          sprint_mu_vestibule_basic, sprint_mu_gehenna_hellfire,
          sprint_mu_dis_giant, sprint_mu_tartarus_statrot,
          sprint_mu_cocytus_islands, sprint_mu_zot1]

Skill      XL: |  1  2  3  4  5  6  7  8 |
---------------+-------------------------+-----
Spellcasting   | 6 8 9 13 15 16 | 16.9
Fire Magic     | 5 7 8 11 13 14 | 14.7
Dodging        | |  2.4
Stealth        | |  2.4

Action                   |  1- 3 |  4- 6 |  7- 9 || total
-------------------------+-------+-------+-------++-------
 Cast: Foxfire           |     9 |       |       ||     9
       Searing Ray       |     5 |     1 |       ||     6
       Conjure Flame     |     1 |     3 |     5 ||     9
       Fireball          |       |     2 |    17 ||    19
       Sticky Flame      |       |       |     2 ||     2
  Use: Potion            |       |     4 |       ||     4
Armor: Robe              |     2 |       |       ||     2
Dodge: Dodged            |     9 |       |     1 ||    10
